 Dungeon Crawl Stone Soup version 0.20-a0-673-g53087c7 (webtiles) character file.

99 M4edhros the Sneak (level 4, -4/28 HPs)
             Began as an Octopode Artificer on Feb 17, 2017.
             Slain by a worker ant (5 damage)
             ... on level 4 of the Dungeon.
             The game lasted 00:01:05 (1319 turns).

M4edhros the Sneak (Octopode Artificer)             Turns: 1319, Time: 00:01:06

Health: -4/28      AC:  1    Str:  9 (11) XL:     4   Next: 72%
Magic:  6/6        EV: 13    Int: 11 (13) God:
Gold:   34         SH:  0    Dex: 12 (13) Spells: 3/3 levels left

rFire    . . .     SeeInvis .   a - +0 short sword
rCold    . . .     Gourm    .   (no shield)
rNeg     . . .     Faith    .   (helmet restricted)
rPois    .         Spirit   .   (no amulet)
rElec    .         Reflect  .   (no ring)
rCorr    .         Harm     .   (no ring)
MR       .....                  (no ring)
Stlth    ++++......             (no ring)
Regen    0.1/turn               (no ring)
MPRegen  0.1/turn               (no ring)
                                (no ring)
                                (no ring)

@: lethally poisoned (-4 -> -14), flying
A: almost no armour, stealthy swim, amphibious, 8 rings, constrict 8, camouflage
1, gelatinous body 1
a: no special abilities


You were on level 4 of the Dungeon.
You were not hungry.

You visited 1 branch of the dungeon, and saw 4 of its levels.

You collected 34 gold pieces.

Inventory:

Hand Weapons
 a - a +0 short sword (weapon)
Missiles
 h - 56 stones (quivered)
 p - 35 sling bullets
Jewellery
 e - an uncursed ring of protection from fire {unknown}
Wands
 b - a wand of flame (15/48)
 c - a wand of enslavement (14/24)
 d - a wand of random effects (15/48)
Scrolls
 g - 3 scrolls of remove curse {unknown}
 i - 3 scrolls of noise {unknown}
 j - a scroll of identify {unknown}
 k - a scroll of magic mapping {unknown}
 o - a scroll of enchant weapon {unknown}
 q - a scroll of amnesia {unknown}
Potions
 l - a potion of degeneration
 n - a potion of haste {unknown}
Comestibles
 f - 2 bread rations


   Skills:
 - Level 1.0 Fighting
 - Level 1.0 Short Blades
 - Level 2.0 Dodging
 + Level 6.3 Stealth
 - Level 3.2 Evocations


You had 3 spell levels left.
You didn't know any spells.

Dungeon Overview and Level Annotations

Branches:
Dungeon (4/15)
 Temple: D:4-7

Altars:
Xom


Innate Abilities, Weirdness & Mutations

You cannot wear most types of armour.
You are very stealthy in the water. (Stealth+)
You are amphibious.
You can wear up to eight rings at the same time.
You can use your tentacles to constrict eight enemies at once.
Your skin changes colour to match your surroundings (Stealth+).
Your rubbery body absorbs attacks. (AC +1, EV +1)


Message History

You hit the worker ant but do no damage.
The worker ant is severely wounded.
You constrict the worker ant.
* * * LOW HITPOINT WARNING * * *
You feel sick. The worker ant bites you.
* * * LOW HITPOINT WARNING * * *
It was a potion of flight.
You feel very buoyant.
You fly up into the air.
You constrict the worker ant.
* * * LOW HITPOINT WARNING * * *
You feel sick. The worker ant barely misses you.
You release your grip on the worker ant.
* * * LOW HITPOINT WARNING * * *
You feel sick.
It was a potion of degeneration.
There was something very wrong with that liquid.
You feel weakened.
You feel dopey.
You feel clumsy.
* * * LOW HITPOINT WARNING * * *
You feel sick. The worker ant bites you.
You die...

## .. #.# #.# #
## #.# ..
##.##.# .#
##...#.###.>##
#...a@........
##.........##
##..#.#########
#..#..........
#.รท#..#######.
#..#.)# #..#))#
#..#..#
#..#..####


You could see a worker ant.

Vanquished Creatures
  An orc priest (D:4)
  An orc wizard (D:4)
  An adder (D:3)
  3 dart slugs
  2 orcs (D:4)
  A giant cockroach (D:1)
  A goblin (D:1)
  2 hobgoblins
  4 jackals (D:2)
  3 kobolds
  2 bats
  3 frilled lizards
  2 rats
26 creatures vanquished.

Vanquished Creatures (collateral kills)
  2 bats (D:1)
2 creatures vanquished.

Grand Total: 28 creatures vanquished

Notes
Turn   | Place    | Note
-------+----------+-------------------------------------------
     0 | D:1      | M4edhros the Octopode Artificer began the quest for the Orb.
     0 | D:1      | Reached XP level 1. HP: 13/13 MP: 3/3
    93 | D:1      | Reached skill level 2 in Stealth
   141 | D:1      | Reached XP level 2. HP: 3/18 MP: 4/4
   158 | D:1      | Reached skill level 3 in Stealth
   563 | D:2      | Reached skill level 4 in Stealth
   567 | D:2      | Reached XP level 3. HP: 6/23 MP: 5/5
   569 | D:2      | HP: 1/23 [jackal (2)]
  1022 | D:3      | Found a shimmering altar of Xom.
  1174 | D:4      | Reached skill level 5 in Stealth
  1174 | D:4      | Reached XP level 4. HP: 23/28 MP: 6/6
  1180 | D:4      | Reached skill level 6 in Stealth
  1319 | D:4      | HP: 1/28 [poisoned by a worker ant]
  1319 | D:4      | Slain by a worker ant

Vault maps used:
D:1:      dpeg_arrival_snail
D:2:      grunt_qazlal_clouds, chequers_temple_overflow_minitemple, first_bread
D:3:      overflow_temple_1_default, uniq_terence, uniq_robin
D:4:      uniq_sigmund, uniq_duvessa

Skill      XL: |  1  2  3  4 |
---------------+-------------+-----
Stealth        | 2 4 5 6 |  6.3
Fighting       | |  1.0
Short Blades   | |  1.0
Dodging        | |  2.0
Evocations     | |  3.2

Action                   |  1- 3 |  4- 6 || total
-------------------------+-------+-------++-------
Melee: Short sword       |    54 |    16 ||    70
       Constrict         |    15 |     4 ||    19
       Tentacles         |     8 |     2 ||    10
Evoke: Wand              |     1 |       ||     1
  Use: Potion            |       |     2 ||     2
 Stab: Sleeping          |     5 |       ||     5
  Eat: Chunk             |       |     1 ||     1
Armor: Skin              |     6 |       ||     6
Dodge: Dodged            |    29 |     8 ||    37
